Map: Abyssal Reef LE

Players

SortOf - Winner!

  • Race: Zerg Zerg
  • Spawn Location: 11:00

TIME (Oliveira)

  • Race: Terran Terran
  • Spawn Location: 5:00

Event: WCS Austin 2017

VOD

Have the link to the VOD?

Description

Time

  • Played on: April 28, 2017, 9:01 p.m.
  • Length: 19:22

All games in this series

Show
View Real Time Build Order
Export as new Build Order

SortOf Zerg - Winner!

Build Orders: Pool First, Muta Ling Bane 

Get SALT Encoding   

  12  0:00  Drone  
  13  0:13  Overlord  
  13  0:17  Drone  
  14  0:31  Drone x2  
  16  0:37  Drone  
  17  0:44  Spawning Pool  
  17  0:48  Drone  
  17  0:56  Drone  
  18  1:02  Extractor  
  17  1:07  Drone  
  18  1:17  Hatchery  
  17  1:20  Drone  
  18  1:28  Drone  
  19  1:40  Queen  
  19  1:41  Zergling x2  
  22  1:49  Overlord  
  22  2:07  Metabolic Boost  
  22  2:10  Drone  
  23  2:16  Drone  
  23  2:19  Queen  
  27  2:22  Zergling x2  
  27  2:29  Queen  
  29  2:30  Drone  
  30  2:37  Drone  
  30  2:42  Drone  
  32  2:46  Drone  
  32  2:51  Drone  
  32  2:52  Drone x2  
  32  2:56  Drone  
  32  2:57  Pneumatized Carapace  
  36  3:06  Overlord  
  36  3:15  Hatchery  
  36  3:17  Drone  
  36  3:20  Overlord  
  36  3:24  Zergling x2  
  36  3:26  Zergling x2  
  38  3:29  Drone x2  
  38  3:32  Zergling x2  
  41  3:37  Drone  
  41  3:41  Drone x2  
  44  3:46  Drone x2  
  46  3:50  Drone  
  46  3:54  Queen  
  46  3:55  Overlord  
  49  3:56  Drone x2  
  49  3:58  Drone  
  52  4:03  Spore Crawler  
  52  4:04  Drone  
  52  4:08  Overlord, Spore Crawler  
  51  4:21  Zergling x2  
  51  4:22  Zergling x6  
  54  4:27  Overlord  
  54  4:29  Queen  
  54  4:30  Drone  
  57  4:35  Drone x3  
  60  4:38  Overlord  
  60  4:39  Drone  
  60  4:43  Drone x2  
  63  4:47  Overlord  
  63  4:50  Evolution Chamber  
  63  4:52  Drone  
  63  4:53  Drone  
  63  4:55  Drone  
  63  4:56  Drone, Evolution Chamber  
  63  4:59  Drone  
  66  5:01  Queen  
  66  5:05  Drone  
  66  5:06  Drone x2  
  71  5:11  Queen  
  73  5:15  Overlord  
  73  5:19  Lair  
  73  5:22  Zerg Melee Weapons Level 1, Zerg Ground Armor Level 1  
  73  5:25  Baneling Nest  
  73  5:28  Drone x2  
  74  5:29  Drone x2  
  74  5:30  Extractor  
  74  5:32  Drone  
  74  5:33  Drone x2  
  78  5:37  Zergling x8  
  78  5:41  Queen  
  84  5:44  Zergling x4, Extractor  
  84  5:46  Overlord  
  85  5:51  Zergling x2  
  85  5:52  Zergling x8  
  90  6:03  Drone  
  90  6:04  Drone, Extractor  
  92  6:05  Zergling x2  
  92  6:06  Zergling x12  
  92  6:10  Baneling  
  92  6:11  Baneling x5  
  98  6:14  Overlord  
  98  6:18  Zergling x10  
  103  6:20  Baneling x5  
  103  6:26  Drone x2  
  102  6:33  Drone x2  
  96  6:41  Drone x2  
  89  6:47  Drone x2  
  89  6:49  Drone  
  92  6:55  Extractor  
  92  6:56  Overlord  
  92  6:57  Overlord  
  92  6:59  Hatchery  
  92  7:01  Drone x4  
  92  7:02  Hatchery  
  92  7:03  Drone x2  
  92  7:04  Centrifical Hooks  
  92  7:10  Drone x2  
  92  7:11  Drone  
  92  7:13  Overlord, Extractor  
  92  7:15  Queen  
  93  7:22  Zergling x10  
  100  7:25  Zerg Ground Armor Level 2  
  100  7:27  Baneling x5  
  100  7:32  Queen  
  100  7:34  Zergling x8  
  97  7:49  Zergling x2  
  97  7:50  Zergling x16  
  106  7:52  Overseer  
  102  7:59  Drone x3  
  102  8:04  Drone x3  
  108  8:06  Spire  
  108  8:10  Baneling x5  
  108  8:11  Baneling x2  
  107  8:16  Zergling x2  
  107  8:17  Zergling x18  
  114  8:20  Queen  
  114  8:22  Overlord  
  114  8:25  Zerg Melee Weapons Level 2, Spore Crawler  
  115  8:31  Zergling x12  
  121  8:35  Overlord  
  121  8:36  Baneling x4  
  121  8:41  Zergling x8  
  125  8:49  Zergling x14  
  113  9:03  Zergling x20  
  122  9:11  Zergling x10  
  126  9:20  Mutalisk, Baneling  
  126  9:21  Mutalisk x5  
  126  9:23  Zerg Flyer Weapons Level 1  
  137  9:31  Mutalisk, Overseer  
  135  9:32  Mutalisk x2  
  135  9:34  Drone x2  
  135  9:35  Overlord  
  135  9:37  Overlord  
  143  9:38  Drone  
  143  9:40  Drone  
  143  9:41  Drone  
  146  9:47  Overseer  
  146  9:48  Baneling x2  
  146  9:49  Drone, Baneling x7  
  146  9:50  Drone  
  148  9:55  Baneling  
  148  9:56  Baneling x2  
  148  10:01  Zergling x16  
  148  10:03  Overlord  
  156  10:15  Baneling  
  156  10:16  Baneling  
  156  10:18  Mutalisk  
  156  10:19  Mutalisk x3  
  156  10:20  Hatchery  
  161  10:23  Baneling x5  
  161  10:26  Overlord  
  161  10:27  Zergling x8  
  165  10:31  Infestation Pit  
  164  10:37  Zergling x16  
  172  10:42  Overlord  
  172  10:43  Overlord x2  
  164  10:53  Zergling x2  
  164  10:54  Zergling x16  
  164  10:55  Overlord  
  170  11:03  Baneling x3  
  170  11:12  Zergling x18  
  170  11:16  Hive  
  170  11:17  Drone x2  
  170  11:18  Drone x4, Overlord  
  185  11:23  Overseer  
  185  11:26  Mutalisk  
  185  11:27  Mutalisk x4  
  195  11:43  Overlord  
  195  11:47  Zergling x2  
  195  11:48  Zergling x8  
  195  11:49  Zerg Flyer Armor Level 1  
  195  11:50  Overlord  
  200  12:04  Overlord  
  200  12:07  Overlord  
  200  12:17  Baneling x18  
  200  12:18  Baneling x3  
  200  12:20  Overlord  
  200  12:21  Extractor x2  
  194  12:44  Adrenal Glands  
  194  12:46  Drone, Ultralisk Cavern, Zerg Ground Armor Level 3  
  194  12:47  Drone x2  
  194  12:48  Drone x3  
  193  12:59  Drone  
  194  13:20  Hatchery  
  193  13:28  Overlord  
  193  13:37  Overlord  
  193  13:38  Baneling x5  
  193  13:39  Baneling x5  
  193  13:41  Chitinous Plating  
  193  13:44  Zerg Melee Weapons Level 3  
  193  13:50  Hatchery  
  193  13:51  Ultralisk  
  198  14:01  Ultralisk  
  199  14:06  Greater Spire  
  199  14:08  Burrow  
  199  14:18  Spine Crawler x3  
  199  14:19  Extractor, Spore Crawler  
  199  14:20  Ultralisk  
  199  14:21  Extractor, Spine Crawler  
  199  14:22  Spine Crawler x2  
  183  14:49  Ultralisk x3  
  183  14:50  Extractor  
  183  14:51  Extractor  
  188  15:09  Ultralisk x2  
  200  15:18  Overlord  
  200  15:26  Spore Crawler  
  200  15:27  Spine Crawler  
  196  15:32  Overlord  
  196  15:37  Overlord  
  196  15:38  Zerg Flyer Weapons Level 2  
  196  15:39  Corruptor  
  194  15:47  Overlord, Corruptor x3  
  194  15:53  Overseer  
  192  16:11  Corruptor x5  
  191  16:26  Zergling x16  
  191  16:29  Overlord  
  199  16:34  Pathogen Glands  
  178  16:57  Zergling x24  
  178  16:58  Corruptor x2  
  178  17:00  Zergling x2  
  178  17:01  Zergling x42  
  191  17:16  Zergling x16  
  191  17:18  Zergling x14  
  200  17:25  Baneling  
  200  17:26  Baneling x7  
  200  17:28  Overseer x2, Baneling x6  
  185  17:45  Corruptor x3  
  185  18:01  Brood Lord  
  185  18:02  Brood Lord x6  
  199  18:25  Baneling x2  
  199  18:35  Spore Crawler  
  199  18:36  Overlord  
  199  18:40  Corruptor x4  
  194  18:55  Zergling x24  
Show
View Real Time Build Order
Export as new Build Order

TIME Terran 

Build Orders: Reaper Expand, Bio Mine 

Get SALT Encoding   

  12  0:00  SCV  
  13  0:13  SCV  
  14  0:17  Supply Depot  
  14  0:25  SCV  
  14  0:28  Refinery  
  15  0:39  SCV  
  16  0:44  Barracks  
  16  0:51  SCV  
  17  1:03  SCV  
  18  1:15  SCV  
  19  1:32  Reaper, Orbital Command  
  20  1:43  Command Center  
  20  1:54  Factory  
  20  1:57  SCV  
  21  2:05  Barracks Reactor  
  21  2:09  SCV  
  21  2:12  Supply Depot  
  21  2:14  Refinery  
  22  2:21  SCV  
  23  2:34  SCV  
  24  2:39  Hellion  
  24  2:40  Starport  
  24  2:42  Marine  
  24  2:43  Marine  
  28  2:46  SCV  
  28  2:56  Supply Depot  
  28  3:00  Marine x2, SCV  
  31  3:17  Widow Mine, Medivac  
  31  3:18  SCV  
  36  3:23  Orbital Command  
  36  3:25  Marine  
  37  3:28  Marine  
  37  3:31  SCV  
  39  3:43  SCV  
  39  3:44  Marine  
  39  3:46  Factory Tech Lab, Marine  
  42  3:50  Viking  
  42  3:51  SCV  
  42  3:58  Supply Depot  
  42  4:00  SCV  
  43  4:03  SCV  
  43  4:05  Bunker  
  44  4:11  Marine, Stimpack  
  44  4:13  Factory Reactor  
  45  4:26  Barracks, SCV  
  45  4:28  Barracks, Engineering Bay  
  44  4:32  SCV  
  44  4:33  Starport Reactor, Marine  
  46  4:39  SCV  
  46  4:44  SCV  
  48  4:47  Supply Depot  
  48  4:51  Marine, SCV  
  50  4:55  Terran Infantry Weapons Level 1  
  50  4:56  SCV  
  51  5:03  Cyclone, SCV  
  55  5:09  Marine, SCV  
  55  5:13  Medivac x2  
  61  5:15  Marine, SCV  
  61  5:18  Marine  
  61  5:21  SCV  
  65  5:23  Supply Depot  
  65  5:24  Supply Depot  
  65  5:27  SCV  
  66  5:29  Marine x3  
  66  5:33  SCV  
  70  5:45  Marine x2, SCV x2  
  70  5:46  Marine  
  70  5:47  Marine x2  
  77  5:52  Command Center  
  77  5:56  Supply Depot  
  77  5:59  Factory Reactor  
  77  6:00  Refinery x2  
  77  6:02  Medivac x2  
  77  6:03  Marine x2  
  83  6:05  Marine  
  83  6:08  SCV  
  83  6:09  Supply Depot, Marine  
  86  6:17  Marine, SCV  
  88  6:22  Marine  
  89  6:28  Marine  
  90  6:34  Medivac  
  90  6:36  Marine  
  91  6:41  Marine  
  91  6:44  Marine  
  87  6:47  Widow Mine x2  
  87  6:48  Medivac, Marine x2  
  87  6:49  SCV  
  87  6:51  SCV  
  87  6:53  Marine  
  98  6:54  Supply Depot  
  98  6:59  Marine  
  99  7:01  Armory  
  99  7:02  Engineering Bay, Marine  
  99  7:06  Marine x2  
  102  7:09  Barracks  
  102  7:10  Barracks  
  102  7:11  Marine  
  102  7:14  SCV  
  104  7:17  Marine  
  104  7:19  Combat Shields  
  104  7:20  Marine  
  106  7:28  SCV  
  107  7:30  Terran Infantry Armor Level 1  
  107  7:32  Marine, SCV  
  107  7:33  Marine  
  110  7:41  Widow Mine x2  
  96  7:45  Marine  
  96  7:46  Marine  
  96  7:48  Marine  
  96  7:49  Medivac x2  
  96  7:50  Marine  
  104  7:54  Terran Infantry Weapons Level 2  
  104  7:58  Marine  
  100  8:03  Marine  
  100  8:04  Marine  
  100  8:05  Orbital Command  
  102  8:06  SCV  
  102  8:10  Marine, SCV  
  101  8:14  Marine  
  101  8:16  Marine  
  103  8:20  Widow Mine  
  103  8:21  Widow Mine  
  103  8:22  SCV x2  
  103  8:26  Marine  
  109  8:28  Marine  
  109  8:29  Barracks Reactor x2  
  109  8:31  SCV  
  111  8:34  Supply Depot, SCV  
  111  8:35  Marine x2  
  111  8:36  Marine  
  111  8:40  Medivac x2  
  119  8:43  Marine  
  119  8:46  Marine, SCV  
  122  8:53  Marine x2  
  122  8:54  Marine  
  122  9:01  Marine  
  93  9:03  Marine, SCV  
  93  9:04  SCV  
  93  9:06  Marine  
  93  9:08  Marine  
  93  9:09  Marine x2  
  91  9:11  Marine x3  
  91  9:12  SCV  
  91  9:15  SCV  
  93  9:19  Marine  
  93  9:21  Marine  
  93  9:22  SCV  
  96  9:24  Marine  
  96  9:25  SCV  
  96  9:26  Marine  
  96  9:27  Liberator, Marine x2  
  96  9:28  Liberator, Marine x2  
  96  9:29  Marine  
  104  9:33  SCV  
  104  9:36  Widow Mine x2  
  104  9:37  Marine  
  110  9:39  Marine  
  117  9:48  Supply Depot, SCV  
  117  9:49  SCV  
  117  9:51  Marine x2  
  121  9:56  Factory  
  121  9:58  Terran Infantry Armor Level 2  
  121  10:02  Marine x2  
  121  10:03  SCV x2  
  121  10:05  Marine  
  121  10:06  Marine, SCV  
  128  10:10  Missile Turret  
  128  10:13  Marine  
  129  10:15  Marine, SCV  
  129  10:16  Missile Turret  
  129  10:17  Marine x2  
  129  10:18  Widow Mine  
  129  10:20  Widow Mine  
  135  10:23  Marine, SCV  
  137  10:29  Missile Turret, Marine  
  137  10:30  Marine  
  137  10:31  Marine  
  137  10:35  Marine  
  141  10:39  Factory Tech Lab  
  141  10:42  Refinery  
  141  10:43  Marine  
  141  10:46  Supply Depot  
  138  10:52  Medivac x2  
  138  10:53  Widow Mine x2  
  138  10:54  Factory Tech Lab  
  138  10:55  SCV x3  
  138  10:57  Terran Infantry Weapons Level 3  
  138  10:59  Unknown x2  
  138  11:00  Terran Vehicle Weapons Level 1  
  138  11:14  Thor  
  138  11:17  Drilling Claws  
  143  11:28  Supply Depot  
  143  11:30  Supply Depot x2  
  143  11:32  Missile Turret  
  143  11:33  Orbital Command  
  143  11:39  Liberator x2  
  141  11:49  Widow Mine x2  
  141  11:50  Marine, SCV x2  
  146  11:56  Marine  
  146  11:57  Marine  
  146  11:59  SCV  
  152  12:02  SCV  
  150  12:13  Thor  
  156  12:18  Supply Depot  
  156  12:19  Supply Depot  
  156  12:20  Marauder  
  158  12:27  Unknown  
  152  12:30  Widow Mine  
  152  12:31  Widow Mine  
  152  12:33  Liberator  
  152  12:34  Liberator  
  155  12:40  Barracks  
  155  12:41  Barracks  
  155  12:42  SCV x3  
  158  12:48  Missile Turret  
  164  12:54  SCV x2  
  164  12:55  SCV  
  164  12:56  Unknown  
  159  13:03  Thor, Widow Mine  
  159  13:04  Widow Mine  
  167  13:05  Marauder  
  167  13:06  SCV  
  167  13:09  Supply Depot  
  168  13:13  Refinery  
  168  13:15  SCV  
  169  13:30  Barracks Tech Lab x2  
  169  13:31  Command Center  
  169  13:33  SCV  
  169  13:34  Supply Depot  
  170  13:40  Refinery x2  
  170  13:41  Terran Infantry Armor Level 3  
  170  13:44  SCV  
  170  13:45  SCV  
  170  13:46  Supply Depot  
  172  13:49  SCV  
  172  13:53  Marauder x3  
  175  14:04  Widow Mine x2  
  175  14:06  SCV  
  175  14:08  Thor  
  186  14:11  Supply Depot  
  186  14:12  SCV x2  
  188  14:21  Sensor Tower  
  188  14:27  Marauder x3  
  193  14:43  SCV x2  
  181  14:47  Liberator  
  179  14:54  Widow Mine, Marauder x3  
  179  14:55  Thor  
  179  14:56  SCV  
  194  15:03  Terran Vehicle Weapons Level 2  
  196  15:08  SCV  
  196  15:09  SCV x2  
  199  15:20  Unknown x2  
  197  15:23  SCV  
  197  15:26  Planetary Fortress  
  198  15:28  SCV  
  198  15:30  SCV  
  194  15:56  Marauder, Marine x2  
  194  15:57  Marauder  
  200  16:03  Supply Depot, Factory  
  195  16:11  Marine  
  195  16:12  Marauder  
  195  16:13  Marine, SCV  
  198  16:21  Marine, SCV  
  198  16:23  Marauder, Marine  
  198  16:24  Marine, SCV  
  198  16:25  Thor  
  198  16:27  SCV  
  199  16:39  Liberator x2  
  199  16:51  SCV  
  199  16:53  Marine, Orbital Command  
  179  16:54  Marauder  
  179  16:55  Marine x2  
  179  16:56  Widow Mine x2, Marauder  
  179  16:57  Marine  
  179  16:58  Marauder  
  179  17:00  Marine  
  186  17:04  Marine  
  186  17:05  SCV  
  182  17:16  Marauder  
  182  17:17  Marine  
  182  17:18  SCV  
  182  17:20  Thor  
  182  17:22  Unknown x4, SCV x2  
  186  17:23  Marine x2  
  186  17:24  Marine  
  186  17:28  Marine  
  190  17:33  Widow Mine x2, Liberator x2  
  190  17:35  SCV  
  190  17:36  Marine  
  196  17:45  Marine x2, SCV  
  196  17:46  Marauder, SCV  
  194  17:52  SCV  
  194  17:55  SCV  
  194  17:57  Marine, SCV  
  194  17:59  SCV  
  194  18:35  Marine  
  194  18:36  Marauder  
  194  18:37  Marine  
  194  18:38  Marine  
  181  18:51  Marine  
  181  18:53  Widow Mine x2, Marine, SCV x2  
  181  18:55  Marine  
  179  18:58  Marauder x2  
Tags
 
Add a new tag
Caveats
  • Supply blocks, unpowered buildings, or Contaminate may cause inaccurate times.
  • Supply counts are checked every 10 seconds.